[Event "Late-Titled-Tuesday-Blitz-February-06-2024"]
[Site "Chess.com"]
[Date "2024.02.06"]
[Round "2"]
[White "BeardedNM"]
[Black "ChuckPhil"]
[Result "1-0"]
[WhiteElo "2244"]
[BlackElo "2490"]
[TimeControl "180+1"]
[EndTime "14:17:26 PST"]
[Termination "BeardedNM won by resignation"]

1. e4 c5 2. Nf3 Nc6 3. d4 cxd4 4. Nxd4 Nf6 5. Nc3 d6 6. Bc4 Qb6 7. Nb3 e6 8. O-O Be7 9. Qe2 O-O 10. Be3 Qc7 11. f4 a6 12. Kh1 b5 13. Bd3 Bb7 14. a3 b4 15. Nd1 bxa3 16. bxa3 Na5 17. Bg1 Rac8 18. e5 Nd5 19. Nxa5 Qxa5 20. Qe4 g6 21. c4 Nb4 22. axb4 Qxa1 23. Qxb7 Rfe8 24. exd6 Bxd6 25. c5 Bxf4 26. Rxf4 Rf8 27. Rxf7 Rxf7 28. Qxc8+ Kg7 29. Qxe6 Qxd1 30. Bc4 Rd7 31. Qe5+ Kh6 32. c6 Rd8 33.
c7 Rc8 34. Be6 Re8 35. c8=Q Rxc8 36. Bxc8 Qd2 37. Be3+ 1-0

[Event "Late-Titled-Tuesday-Blitz-February-06-2024"]
[Site "Chess.com"]
[Date "2024.02.06"]
[Round "2"]
[White "Elsa167"]
[Black "chessisveryfun1264"]
[Result "1-0"]
[WhiteElo "2887"]
[BlackElo "2577"]
[TimeControl "180+1"]
[EndTime "14:17:28 PST"]
[Termination "Elsa167 won by resignation"]

1. d4 e6 2. c4 b6 3. Nf3 Bb7 4. e3 Bb4+ 5. Nfd2 f5 6. a3 Bd6 7. Nc3 Nf6 8. b4 a5 9. bxa5 Rxa5 10. c5 bxc5 11. Nb3 Ra8 12. Nxc5 Bc6 13. Be2 O-O 14. O-O Nd5 15. Nxd5 Bxd5 16. Bf3 Bxf3 17. Qxf3 Nc6 18. Nxe6 dxe6 19. Qxc6 Qe7 20. a4 Rfb8 21. Bd2 Qh4 22. g3 Qh5 23. Rfb1 Qe2 24. Be1 Kf7 25.
Qd7+ Kf6 26. d5 e5 27. Qe6+ Kg5 28. Qf7 g6 29. Qxh7 Kf6 30. h4 Rxa4 31. Qd7 Rb2 32. Qxa4 1-0

[Event "Late-Titled-Tuesday-Blitz-February-06-2024"]
[Site "Chess.com"]
[Date "2024.02.06"]
[Round "2"]
[White "The_Machine04"]
[Black "Evhen_Taranenko"]
[Result "1-0"]
[WhiteElo "2727"]
[BlackElo "2392"]
[TimeControl "180+1"]
[EndTime "14:17:29 PST"]
[Termination "The_Machine04 won by checkmate"]

1. d4 f5 2. Bg5 g6 3. Nc3 d5 4. e3 c6 5. h4 h6 6. Bf4 Bg7 7. Nf3 Nd7 8. Bd3 Ngf6 9. Ne5 Nxe5 10. Bxe5 Be6 11. Qf3 Qd7 12. Ne2 O-O-O 13. Nf4 Bf7 14. h5 g5 15. Ng6 Bxg6 16. hxg6 e6 17. Bxf6 Bxf6 18. g4 f4 19. c3 c5 20. dxc5 Qc7 21.
O-O-O Qxc5 22. exf4 gxf4 23. Kb1 e5 24. Rh5 Bg5 25.
Bf5+ Kb8 26. Be6 e4 27. Qe2 f3 28. Qc2 Rhe8 29. Bf7 Re7 30. Qb3 Qxf2 31. Bxd5 e3 32.
Bxf3 Red7 33. Rxd7 Rxd7 34. Qg8+ Rd8 35. Qf7 e2 36.
Qxb7# 1-0

[Event "Late-Titled-Tuesday-Blitz-February-06-2024"]
[Site "Chess.com"]
[Date "2024.02.06"]
[Round "2"]
[White "bipe137"]
[Black "Dedic8"]
[Result "0-1"]
[WhiteElo "2580"]
[BlackElo "2896"]
[TimeControl "180+1"]
[EndTime "14:17:31 PST"]
[Termination "Dedic8 won by resignation"]

1. d4 Nf6 2. c4 e6 3. Nc3 d5 4.
cxd5 exd5 5. Bg5 Be7 6. e3 h6 7.
Bh4 O-O 8. Bd3 c6 9. Nge2 Ne8 10. Bg3 Nd6 11. O-O Re8 12. Qc2 Bf8 13. Rae1 a5 14.
Nc1 Na6 15. a3 Nc7 16. f3 Ne6 17. Bf2 b5 18. Kh1 b4 19. Na4 bxa3 20. bxa3 Bd7 21. Nb3 Nb5 22. e4 Nxa3 23. Qc1 Bb4 24. Re2 dxe4 25.
fxe4 Ng5 26. Bh4 Be6 27. Nac5 Bxb3 28. Nxb3 a4 29. Nc5 Qxd4 30. Rc2 Bxc5 31. Rxc5 Qxd3 32. Rc3 Qxe4 33. Bxg5 hxg5 34. Rxa3 f6 35. h3 g4 36. hxg4 Re5 37. Qd2 Qxg4 38. Qa2+ Qe6 39. Qf2 Re4 40. Rh3 a3 41. Ra1 a2 42. Qf1 Re2 43. Rd3 Qe4 44.
Rd7 Ra5 45. Rd8+ Kh7 0-1

[Event "Late-Titled-Tuesday-Blitz-February-06-2024"]
[Site "Chess.com"]
[Date "2024.02.06"]
[Round "2"]
[White "shirovin"]
[Black "Onthequiet"]
[Result "0-1"]
[WhiteElo "2078"]
[BlackElo "2442"]
[TimeControl "180+1"]
[EndTime "14:17:31 PST"]
[Termination "Onthequiet won on time"]

1. e4 c5 2. Nf3 Nc6 3. b4 cxb4 4. d4 d5 5. exd5 Qxd5 6. c4 Qe4+ 7. Be3 e6 8. Nbd2 Qg6 9. Be2 Qxg2 10. Rg1 Qh3 11.
d5 Nce7 12. d6 Nf5 13. c5 Nf6 14. Bd3 Nxe3 15. fxe3 Bd7 16. Qe2 Rc8 17. Rc1 Bxd6 18. Nb3 Bf8 19. Ne5 Bc6 20. Nxc6 bxc6 21. Nd4 g6 22. Rg3 Qh4 23. Qg2 Bh6 24. Ke2 Nd5 25. Be4 O-O 26. Bxd5 cxd5 27. c6 Qxd4 28. exd4 Bxc1 29.
Qf1 Bh6 30. Rb3 Rxc6 31. Rxb4 Rc2+ 32. Kd3 Rd2+ 33. Kc3 Rxh2 34. Qb5 Bd2+ 35. Kb3 Bxb4 0-1

[Event "Late-Titled-Tuesday-Blitz-February-06-2024"]
[Site "Chess.com"]
[Date "2024.02.06"]
[Round "2"]
[White "KantorGergely"]
[Black "szachmistrz2500"]
[Result "0-1"]
[WhiteElo "2751"]
[BlackElo "2507"]
[TimeControl "180+1"]
[EndTime "14:17:34 PST"]
[Termination "szachmistrz2500 won on time"]

1. e4 c5 2. Nf3 d6 3. Bb5+ Bd7 4.
Bxd7+ Qxd7 5. O-O Nc6 6. Re1 Nf6 7. c3 e6 8. d4 cxd4 9. cxd4 d5 10. e5 Ne4 11. a3 Be7 12. Nbd2 Nxd2 13. Bxd2 Rc8 14.
Rc1 b5 15. Rc3 b4 16. Rd3 bxa3 17. bxa3 O-O 18. h4 f6 19. exf6 Bxf6 20. Qe2 Rce8 21. Bb4 Nxb4 22. axb4 Qb5 23. Re3 Qxb4 24. Rxe6 Rc8 25.
Qe3 a5 26. Ra6 Rfe8 27. Qxe8+ Rxe8 28. Rxe8+ Kf7 29. Rea8 Bxd4 30. Rxa5 Qb1+ 31. Kh2 Bxf2 32. Rxd5 Qb7 33. Ne5+ Ke6 34. Re8+ Kxd5 0-1

[Event "Late-Titled-Tuesday-Blitz-February-06-2024"]
[Site "Chess.com"]
[Date "2024.02.06"]
[Round "2"]
[White "Canal_Showdrez"]
[Black "steepedgames"]
[Result "0-1"]
[WhiteElo "2034"]
[BlackElo "2438"]
[TimeControl "180+1"]
[EndTime "14:17:34 PST"]
[Termination "steepedgames won by resignation"]

1. d4 f5 2. Bf4 Nf6 3. e3 d6 4.
Nf3 g6 5. h4 h6 6. Bd3 Bg7 7.
Nbd2 e6 8. c3 Qe7 9. Qb3 Nbd7 10. Bc4 e5 11. dxe5 dxe5 12. Bh2 Ng4 13. e4 Nxh2 14.
Rxh2 Nb6 15. Bd3 Be6 16. Qc2 f4 17. a4 O-O-O 18. a5 Nd7 19. a6 b6 20. b4 g5 21.
hxg5 hxg5 22. Rxh8 Rxh8 23. Qa4 Nb8 24. c4 g4 25. Ng1 Rh1 26. Ke2 Qd7 27. Qxd7+ Nxd7 28. Rc1 Bf8 29. f3 g3 30. Rb1 Bxb4 31. Nb3 Nc5 32.
Nxc5 Bxc5 33. Nh3 Rxb1 34. Bxb1 Bxh3 35. gxh3 g2 0-1

[Event "Late-Titled-Tuesday-Blitz-February-06-2024"]
[Site "Chess.com"]
[Date "2024.02.06"]
[Round "2"]
[White "DonkyDonkyDonkey"]
[Black "best926"]
[Result "1-0"]
[WhiteElo "2931"]
[BlackElo "2604"]
[TimeControl "180+1"]
[EndTime "14:17:36 PST"]
[Termination "DonkyDonkyDonkey won on time"]

1. d4 Nf6 2. Nc3 d5 3. Bf4 g6 4. Nb5 Na6 5. e3 Bg7 6. Nc3 Nb8 7. h3 c6 8. Nf3 O-O 9. Be2 b5 10.
O-O a5 11. Ne5 Nfd7 12. Nxd7 Nxd7 13. Re1 e5 14. dxe5 Nxe5 15. Bg3 Qe7 16. Kh1 Rd8 17. e4 dxe4 18. Qc1 f5 19. f3 b4 20. Na4 Be6 21.
fxe4 fxe4 22. Qe3 Bd5 23. Rad1 Nf7 24. c4 bxc3 25. Nxc3 Nh6 26. Nxd5 cxd5 27. Qb3 Nf5 28. Rxd5 Nxg3+ 29. Kh2 Kh8 30. Rxd8+ Rxd8 31. Kxg3 Be5+ 32. Kf2 Qc5+ 33. Kf1 Rf8+ 34. Bf3 exf3 35. gxf3 Bg3 36.
Re2 Bh4 37. Qd3 Bf6 38. b3 Rd8 39. Qc2 Qxc2 40. Rxc2 Rd5 41. Rc7 Rf5 42. Ke2 Rh5 43.
Rf7 1-0

[Event "Late-Titled-Tuesday-Blitz-February-06-2024"]
[Site "Chess.com"]
[Date "2024.02.06"]
[Round "2"]
[White "stasOR4ik"]
[Black "bilelou"]
[Result "0-1"]
[WhiteElo "2416"]
[BlackElo "2741"]
[TimeControl "180+1"]
[EndTime "14:17:37 PST"]
[Termination "bilelou won by resignation"]

1. e4 c5 2. c3 Nf6 3. e5 Nd5 4. Nf3 e6 5. d4 cxd4 6. cxd4 b6 7. Nc3 Bb7 8. Bd3 Nxc3 9. bxc3 Qc7 10. O-O Be7 11. Bg5 Nc6 12. Rc1 h6 13. Bxe7 Nxe7 14. c4 O-O 15. Bb1 f5 16. exf6 Rxf6 17. Ne5 Nc6 18. Qe2 Nxd4 19. Qe3 Nf5 20. Qc3 Nh4 21. f3 Nf5 22. Rfd1 Rd8 23. Ng4 Rf7 24. Ne5 Rf6 25. Ng4 Rff8 26. Rd2 Qf4 27. Rcd1 Bc6 28. Ne5 Ba4 29. Bc2 Bxc2 30. Qxc2 Qxe5 31. Rxd7 Ne3 32.
Qd2 Rxd7 33. Qxd7 Nxd1 34. Qxd1 Qc5+ 35. Kh1 Qxc4 36. Qe2 0-1

[Event "Late-Titled-Tuesday-Blitz-February-06-2024"]
[Site "Chess.com"]
[Date "2024.02.06"]
[Round "2"]
[White "neri_gaite"]
[Black "PoXerStar"]
[Result "0-1"]
[WhiteElo "2028"]
[BlackElo "2434"]
[TimeControl "180+1"]
[EndTime "14:17:37 PST"]
[Termination "PoXerStar won on time"]

1. d4 Nf6 2. c4 e6 3. Nf3 b6 4. a3 Bb7 5. Nc3 d5 6. Bg5 dxc4 7. e4 Be7 8. Bxf6 Bxf6 9. Bxc4 O-O 10.
O-O Nc6 11. e5 Bg5 12. Bd3 Bh6 13. Be4 f5 14. exf6 Qxf6 15. d5 Rad8 16. Qc2 exd5 17.
Nxd5 Qf7 18. Rfd1 g6 19. Nc3 Na5 20. Bxb7 Nxb7 21. b4 Nd6 22. Ne5 Qe6 23. Nc6 Rde8 24. Nd4 Qc4 25. Nd5 Qxd5 26. Nc6 Qf7 27. Nxa7 Ne4 28.
Nc6 Nxf2 29. Rf1 Be3 0-1

[Event "Late-Titled-Tuesday-Blitz-February-06-2024"]
[Site "Chess.com"]
[Date "2024.02.06"]
[Round "2"]
[White "mishanick"]
[Black "Philippians46"]
[Result "0-1"]
[WhiteElo "3055"]
[BlackElo "2671"]
[TimeControl "180+1"]
[EndTime "14:17:38 PST"]
[Termination "Philippians46 won by resignation"]

1. d4 Nf6 2. c4 g6 3. Nc3 d5 4.
Bg5 Ne4 5. Bh4 g5 6. Nxe4 dxe4 7. Bxg5 c5 8. e3 Bg7 9. Ne2 Nc6 10. Qd2 cxd4 11. exd4 Nxd4 12. O-O-O Nxe2+ 13. Bxe2 Qxd2+ 14. Rxd2 Be6 15. Kb1 f5 16. c5 h6 17. Bf4 Kf7 18. Bh5+ Kf6 19. Rhd1 Rhc8 20. Be3 Bc4 21. Rd7 Bd3+ 22.
Ka1 b6 23. cxb6 axb6 24. Bxb6 Rc6 25. Rb7 Kg5 26. Bf7 Rc2 27. Be3+ f4 28. Bd2 Bd4 29. g3 Kf6 30. Bd5 Rd8 31. Bg8 Rxg8 32. Bxf4 Rgc8 33.
a3 Rxf2 34. Bxh6 Rcc2 35. Rb1 Rce2 36. Rd1 Bxb2+ 37. Ka2 Bd4+ 38. Kb3 Rb2+ 39. Ka4 Rxb7 0-1

[Event "Late-Titled-Tuesday-Blitz-February-06-2024"]
[Site "Chess.com"]
[Date "2024.02.06"]
[Round "2"]
[White "MatyChess1"]
[Black "Hui_Li_Macau"]
[Result "1-0"]
[WhiteElo "2641"]
[BlackElo "2362"]
[TimeControl "180+1"]
[EndTime "14:17:38 PST"]
[Termination "MatyChess1 won on time"]

1. Nf3 d5 2. b3 c5 3. e3 Nf6 4.
Bb2 e6 5. d4 cxd4 6. exd4 Nc6 7.
Bd3 Nb4 8. Be2 Be7 9. a3 Nc6 10.
O-O O-O 11. c4 b6 12. Nc3 Bb7 13. Rc1 Rc8 14. Re1 Na5 15. Ne5 Nd7 16. Nxd7 Qxd7 17.
c5 Bg5 18. Rb1 h6 19. Bc1 bxc5 20. dxc5 Rxc5 21. Bxg5 hxg5 22. Qd2 Rcc8 23. Ne4 Qc7 24. Nxg5 Qc3 25. Qf4 Qf6 26. Qh4 Qh6 27. Qg3 d4 28. Nf3 Rc3 29. Qe5 Bxf3 30. Bxf3 Nxb3 31. Bd1 Nd2 32.
Rb7 Qf6 33. Qd6 Qg5 34. Qxd4 1-0

[Event "Late-Titled-Tuesday-Blitz-February-06-2024"]
[Site "Chess.com"]
[Date "2024.02.06"]
[Round "2"]
[White "DavidGavrilescu18"]
[Black "Mistango"]
[Result "1-0"]
[WhiteElo "2769"]
[BlackElo "2497"]
[TimeControl "180+1"]
[EndTime "14:17:39 PST"]
[Termination "DavidGavrilescu18 won by checkmate"]

1. e4 c5 2. Nf3 d6 3. d4 cxd4 4. Qxd4 Nc6 5. Qe3 g6 6. Be2 Bg7 7. O-O Nf6 8. h3 O-O 9. Rd1 Bd7 10. Nc3 a6 11. a3 b5 12. Nd5 Nxd5 13. exd5 Ne5 14.
Nd4 Rc8 15. c3 Nc4 16. Qg3 f5 17. Rb1 Be5 18. Bf4 Qb6 19. h4 Kh8 20. h5 Bxf4 21. Qxf4 Ne5 22. Qg5 Rf7 23. f4 Nc4 24. hxg6 Rg7 25.
Bh5 Ne3 26. Re1 Nxd5 27. Kh1 Rf8 28. Rbd1 Nf6 29. Nxf5 Ne4 30. Rxe4 Rxf5 31. Qh4 Bc6 32. Re2 Qc5 33. Bg4 Rxf4 34. Rd4 Rf1+ 35. Kh2 Rf6 36.
Rxe7 Rxe7 37. Qxf6+ Rg7 38. Qf8+ Rg8 39. g7# 1-0

[Event "Late-Titled-Tuesday-Blitz-February-06-2024"]
[Site "Chess.com"]
[Date "2024.02.06"]
[Round "2"]
[White "BilodeauA"]
[Black "NoHeThTo"]
[Result "1-0"]
[WhiteElo "2993"]
[BlackElo "2613"]
[TimeControl "180+1"]
[EndTime "14:17:40 PST"]
[Termination "BilodeauA won by resignation"]

1. e4 c5 2. Nf3 g6 3. c3 Bg7 4. d4 cxd4 5. cxd4 Nf6 6. Nc3 d5 7. e5 Ne4 8. Bd3 Bf5 9. O-O O-O 10. Re1 Nc6 11. h3 Rc8 12. Bf4 e6 13. Rc1 Nxc3 14.
Rxc3 Bxd3 15. Qxd3 Nb4 16. Qb1 Rc4 17. Rec1 Qc7 18.
Bd2 Rxc3 19. Rxc3 Nc6 20. Qc1 Qb6 21. Rb3 Qa6 22. a3 Rc8 23. Rc3 b6 24. Bh6 Ne7 25.
Bxg7 Rxc3 26. Qxc3 Kxg7 27. Qc7 Nf5 28. Ng5 Nh6 29.
Nxe6+ Kh8 30. Qd8+ Ng8 31. Ng5 Qc4 32. g3 f6 33. Ne6 Qc6 34. Qd6 Qc1+ 35. Kg2 Qe1 36. Qd7 Qe4+ 37. Kh2 1-0

[Event "Late-Titled-Tuesday-Blitz-February-06-2024"]
[Site "Chess.com"]
[Date "2024.02.06"]
[Round "2"]
[White "2346PL"]
[Black "iwanyu"]
[Result "0-1"]
[WhiteElo "2539"]
[BlackElo "2818"]
[TimeControl "180+1"]
[EndTime "14:17:40 PST"]
[Termination "iwanyu won by resignation"]

1. d4 Nf6 2. Bg5 c5 3. d5 d6 4. Nc3 g6 5. e4 Bg7 6. f4 O-O 7. Nf3 Qa5 8. Qd2 b5 9. Bxf6 Bxf6 10. Nxb5 Qb6 11. c4 Bg4 12. Be2 a6 13. Nc3 Bxf3 14. Bxf3 Bd4 15. Rb1 Nd7 16. Ne2 Rac8 17. b3 e5 18.
Nxd4 cxd4 19. O-O a5 20. fxe5 Nxe5 21. Rbd1 d3+ 22. Kh1 Ra8 23. Qc3 Qc5 24. Rxd3 Nxd3 25. Qxd3 a4 26. h4 axb3 27. axb3 Ra3 28. h5 Rfa8 29.
Bd1 Qc7 30. Qf3 Qe7 31. Qf4 Ra1 32. Kh2 Rb1 33. c5 dxc5 34. d6 Qe6 35. Bg4 Rxf1 0-1

[Event "Late-Titled-Tuesday-Blitz-February-06-2024"]
[Site "Chess.com"]
[Date "2024.02.06"]
[Round "2"]
[White "Goryachkina"]
[Black "DanielNaroditsky"]
[Result "0-1"]
[WhiteElo "2671"]
[BlackElo "3205"]
[TimeControl "180+1"]
[EndTime "14:17:41 PST"]
[Termination "DanielNaroditsky won on time"]

1. e4 c5 2. Nf3 d6 3. d4 cxd4 4. Nxd4 Nf6 5. Nc3 a6 6. a4 g6 7. Be2 Bg7 8. O-O O-O 9. Be3 Nc6 10. f3 Bd7 11. Qd2 Rc8 12. Rfd1 Ne5 13. b3 e6 14. Bf1 Qc7 15. Nde2 d5 16. exd5 exd5 17. Bd4 Rfe8 18. a5 Bc6 19. Bb6 Qe7 20. Rac1 h5 21.
Nd4 Bd7 22. Nde2 Kh7 23. Nxd5 Nxd5 24. Qxd5 Bc6 25. Qd6 Qg5 26. f4 Nf3+ 27. Kf2 Rxe2+ 28. Kxe2 Re8+ 0-1

[Event "Late-Titled-Tuesday-Blitz-February-06-2024"]
[Site "Chess.com"]
[Date "2024.02.06"]
[Round "2"]
[White "KorolDimitriy75"]
[Black "Arman_Hakemi"]
[Result "0-1"]
[WhiteElo "2369"]
[BlackElo "2662"]
[TimeControl "180+1"]
[EndTime "14:17:41 PST"]
[Termination "Arman_Hakemi won by checkmate"]

1. d4 Nf6 2. c4 e6 3. Nc3 Bb4 4. Qc2 d5 5. cxd5 exd5 6. Bg5 h6 7.
Bxf6 Qxf6 8. a3 Bxc3+ 9. Qxc3 O-O 10. e3 c6 11. Ne2 Bf5 12. Ng3 Bh7 13. Be2 Nd7 14.
O-O Rfe8 15. b4 a6 16. a4 Qd6 17. Rfc1 Nb6 18. Qc5 Qxc5 19. bxc5 Nd7 20. Ra3 Re7 21.
Rb3 Nf6 22. h3 g5 23. Rcc3 Kg7 24. Rb2 Rd8 25. Rcb3 Rdd7 26. Bd3 Bxd3 27. Rxd3 Kg6 28. Rdb3 h5 29. Nf1 h4 30. f3 Nh5 31. Kf2 f5 32. g4 hxg3+ 33. Nxg3 Nf6 34. Ne2 g4 35. Nf4+ Kg5 36.
hxg4 fxg4 37. fxg4 Kxg4 38. Rb1 Kf5 39. Kf3 Rg7 40.
R3b2 Ne4 41. Ke2 Ng3+ 42. Kd3 Rde7 43. Re1 Rg4 44. Rf2 Ne4 45. Rff1 Kg5 46. Ne2 Rg2 47.
Rg1 Nf2+ 48. Kd2 Ne4+ 49. Kd3 Rxg1 50. Rxg1+ Kf6 51. Rf1+ Ke6 52. Rg1 Rf7 53. Nf4+ Kd7 54. Rh1 Rg7 55. Rh6 Rg1 56. Rh7+ Kc8 57. Rh8+ Kc7 58. Ne2 Rd1+ 59. Kc2 Rd2+ 60. Kb3 Rxe2 61. Kb4 Rxe3 62. Ka5 Rd3 63. Rh7+ Kb8 64. Rg7 Ka7 65. Re7 Nd2 66. Rd7 Nc4+ 67. Kb4 a5# 0-1

[Event "Late-Titled-Tuesday-Blitz-February-06-2024"]
[Site "Chess.com"]
[Date "2024.02.06"]
[Round "2"]
[White "Truequitos"]
[Black "Teidi96"]
[Result "1-0"]
[WhiteElo "2536"]
[BlackElo "2335"]
[TimeControl "180+1"]
[EndTime "14:17:41 PST"]
[Termination "Truequitos won by checkmate"]

1. Nf3 d5 2. g3 e6 3. Bg2 Nf6 4. O-O Be7 5. c4 O-O 6. Qb3 dxc4 7. Qxc4 c6 8. d4 Nbd7 9. b4 Nb6 10. Qb3 a5 11.
Bd2 axb4 12. Bxb4 Bxb4 13. Qxb4 Ra4 14. Qb3 Re8 15. Nc3 Ra8 16. Rfd1 Qe7 17. Qxb6 Ra3 18.
Qb2 Rd8 19. e3 h6 20. Ne5 g5 21. Nc4 Ra8 22. Nb6 Rb8 23. a4 Bd7 24. Qa3 Qe8 25.
a5 h5 26. Nca4 h4 27. Nc5 hxg3 28. hxg3 Bc8 29. Qb2 Qe7 30. Qe2 Kg7 31. Qf3 Rh8 32. g4 e5 33. Qg3 Bxg4 34. Qxe5 Qxe5 35. dxe5 Bxd1 36. exf6+ Kxf6 37. Rxd1 Rbd8 38. Rxd8 Rxd8 39. Nxb7 Rd1+ 40. Kh2 Ra1 41. Bxc6 Ke5 42. Nc5 Kd6 43.
Nb3 Ra2 44. Ba4 Kc7 45. Kg3 f5 46. Nd5+ Kd6 47. Nc3 Rb2 48. a6 Kc7 49. Nc5 Kb6 50. Nd3 Rd2 51. Nb4 Rb2 52. Ncd5+ Ka7 53. Bb5 f4+ 54. Kg4 Rxf2 55. Nc6+ Ka8 56. Nb6# 1-0

[Event "Late-Titled-Tuesday-Blitz-February-06-2024"]
[Site "Chess.com"]
[Date "2024.02.06"]
[Round "2"]
[White "jaskol95"]
[Black "KuzubovYuriy"]
[Result "0-1"]
[WhiteElo "2591"]
[BlackElo "2907"]
[TimeControl "180+1"]
[EndTime "14:17:44 PST"]
[Termination "KuzubovYuriy won by resignation"]

1. d4 g6 2. Nc3 Bg7 3. e4 d6 4. Bf4 e5 5. dxe5 dxe5 6. Qxd8+ Kxd8 7. Bg5+ f6 8. Be3 Be6 9. O-O-O+ Nd7 10. Nf3 c6 11. Nd2 Kc7 12. Bc4 Re8 13. f3 Bh6 14. Bxh6 Nxh6 15. Bxe6 Rxe6 16. Nc4 b5 17. Ne3 Nb6 18.
Rd3 Nf7 19. Rhd1 Rd6 20. Ng4 Rf8 21. b3 h5 22. Ne3 Rxd3 23. Rxd3 Ng5 24. a4 a6 25. Kb2 h4 26. Ng4 Nd7 27. g3 b4 28.
Ne2 hxg3 29. hxg3 Rh8 30. Kc1 Rh1+ 31. Kd2 Rf1 32. f4 Nxe4+ 33. Ke3 Ndc5 34. fxe5 Nxd3 35. cxd3 Nc3 36. exf6 Nd5+ 37. Kd4 Nxf6 38. Ne5 Re1 39. Nf4 c5+ 40. Kxc5 Rxe5+ 41. Kxb4 Nd5+ 42. Kc4 Nxf4 43. gxf4 Rf5 44. b4 Rxf4+ 45. Kc5 Rf5+ 46. Kc4 g5 47. d4 g4 48. b5 axb5+ 49. axb5 g3 50. d5 g2 51. b6+ Kxb6 52. d6 g1=Q 53. d7 Kc7 54. d8=Q+ Kxd8 0-1

[Event "Late-Titled-Tuesday-Blitz-February-06-2024"]
[Site "Chess.com"]
[Date "2024.02.06"]
[Round "2"]
[White "terrortoast"]
[Black "babero_gordo"]
[Result "1-0"]
[WhiteElo "2454"]
[BlackElo "2095"]
[TimeControl "180+1"]
[EndTime "14:17:45 PST"]
[Termination "terrortoast won by resignation"]

1. d4 Nf6 2. c4 e5 3. dxe5 Ng4 4.
Bf4 Bb4+ 5. Nd2 Nc6 6. Nf3 Qe7 7. e3 Ncxe5 8. Nxe5 Nxe5 9. Be2 a5 10.
a3 Bc5 11. Ne4 Ba7 12. Qc2 d6 13. O-O h6 14. h3 O-O 15. Rad1 Ng6 16. Bg3 Bf5 17.
Bd3 Rfe8 18. Nf6+ Qxf6 19. Bxf5 Ne5 20. Be4 Rab8 21. b4 axb4 22. axb4 Nc6 23. Rb1 Qe7 24.
Bd5 Ne5 25. Qa2 Bb6 26. c5 dxc5 27. Bxe5 Qxe5 28. Bxf7+ Kh8 29. Bxe8 Rxe8 30. bxc5 Qxc5 31. Qf7 Qe7 32. Qf3 Rf8 33. Qxb7 Bxe3 34. fxe3 Qxe3+ 35.
Kh1 Rxf1+ 36. Rxf1 Qe5 37. Qc8+ Kh7 38. Qf5+ Qxf5 39.
Rxf5 Kg6 40. Rc5 1-0

[Event "Late-Titled-Tuesday-Blitz-February-06-2024"]
[Site "Chess.com"]
[Date "2024.02.06"]
[Round "2"]
[White "edgarhay012"]
[Black "temus_galaktionov"]
[Result "0-1"]
[WhiteElo "2579"]
[BlackElo "2888"]
[TimeControl "180+1"]
[EndTime "14:17:46 PST"]
[Termination "temus_galaktionov won by resignation"]

1. e4 c6 2. d4 g6 3. Nc3 d6 4. h4 Bg7 5. h5 Qb6 6. Nf3 Bg4 7. h6 Bf6 8. Na4 Qa5+ 9. c3 b5 10. e5 dxe5 11. Nc5 exd4 12. Nb3 Qa4 13. cxd4 Na6 14.
a3 Be6 15. Nfd2 Rd8 16. Qc2 Bd5 17. Rh3 Bxd4 18. Nxd4 Qxd4 19. Rd3 Qe5+ 20. Re3 Qf6 21. Ne4 Qh4 22. Nc3 Be6 23. Nxb5 cxb5 24. Bxb5+ Bd7 25.
Bxa6 Nxh6 26. Bd2 Ng4 27. Rh3 Qxf2+ 28. Kd1 O-O 29. Kc1 Bf5 30. Bd3 Rxd3 31. Rxd3 Ne5 32. Rf3 Nxf3 0-1

[Event "Late-Titled-Tuesday-Blitz-February-06-2024"]
[Site "Chess.com"]
[Date "2024.02.06"]
[Round "2"]
[White "KaydenTroffChess"]
[Black "zverr1"]
[Result "1-0"]
[WhiteElo "2856"]
[BlackElo "2563"]
[TimeControl "180+1"]
[EndTime "14:17:47 PST"]
[Termination "KaydenTroffChess won on time"]

1. d4 Nf6 2. Nf3 g6 3. Bg5 Bg7 4. Nc3 d5 5. Bxf6 Bxf6 6. e4 dxe4 7. Nxe4 Bg7 8. c3 O-O 9. Bc4 b6 10. O-O Bb7 11. Qe2 Nd7 12. Rfe1 h6 13. Rad1 Nf6 14.
d5 Nxe4 15. Qxe4 e6 16. dxe6 Bxe4 17. exf7+ Kh7 18. Rxd8 Raxd8 19. Rxe4 Rd1+ 20. Ne1 c5 21. g3 b5 22. Be6 Bf6 23. Kg2 Kg7 24. Nc2 Rd6 25.
Ne3 h5 26. c4 bxc4 27. Nxc4 Rd4 28. Re2 Rb8 29. b3 Ra8 30. Na5 Rf8 31. Nc6 Rd6 32.
Nxa7 1-0

[Event "Late-Titled-Tuesday-Blitz-February-06-2024"]
[Site "Chess.com"]
[Date "2024.02.06"]
[Round "2"]
[White "jup1978"]
[Black "IMSlavin"]
[Result "0-1"]
[WhiteElo "2511"]
[BlackElo "2315"]
[TimeControl "180+1"]
[EndTime "14:17:50 PST"]
[Termination "IMSlavin won by resignation"]

1. d4 Nc6 2. Nf3 d6 3. e3 Bg4 4. Be2 e5 5. h3 Bh5 6. O-O Nf6 7.
c4 Be7 8. Nc3 O-O 9. b3 e4 10. Nd2 Bg6 11. Ba3 Re8 12. Rc1 h5 13. Re1 h4 14. Qc2 Bf8 15. Nd5 Nb8 16. b4 Nbd7 17.
Nf4 Bf5 18. c5 g5 19. Nh5 Nxh5 20. Bxh5 Nf6 21. Be2 d5 22. c6 b6 23. Qb3 Bd6 24. b5 Qe7 25. Bxd6 Qxd6 26. a3 Qe6 27. Nf1 Kh7 28. a4 Rg8 29. f3 exf3 30. Bxf3 Be4 31. Bxe4+ Nxe4 32. Nd2 Nxd2 33. Qc2+ Ne4 34. Rf1 f5 35. Rf3 Raf8 36. Rcf1 Kg6 37. a5 Rf6 38. axb6 axb6 39. Qa2 Rgf8 40. Qa7 R8f7 41. Qb8 Kg7 42. Kh2 Nd2 43. R1f2 Nxf3+ 44. Rxf3 f4 45. exf4 Rxf4 46. Rxf4 gxf4 47. Qd8 Qf5 48. Qxh4 Qg6 49. Qe1 Qg3+ 0-1

[Event "Late-Titled-Tuesday-Blitz-February-06-2024"]
[Site "Chess.com"]
[Date "2024.02.06"]
[Round "2"]
[White "betta2004"]
[Black "AlexeiShirov"]
[Result "1/2-1/2"]
[WhiteElo "2543"]
[BlackElo "2790"]
[TimeControl "180+1"]
[EndTime "14:17:52 PST"]
[Termination "Game drawn by repetition"]

1. e4 e5 2. Nf3 Nc6 3. d4 exd4 4. Nxd4 Qf6 5. Nf3 Bb4+ 6. c3 Bc5 7. Be2 Nge7 8. O-O d6 9. Bg5 Qg6 10. b4 Bb6 11.
Nbd2 Bh3 12. b5 Ne5 13. Kh1 Bxg2+ 14. Kxg2 h6 15. Nxe5 dxe5 16. h4 hxg5 17. h5 Qf6 18. Bg4 Rd8 19. Qe2 Qf4 20. Nc4 Ng6 21. Rad1 Nh4+ 22. Kh3 O-O 23. Rd3 Rxd3+ 24. Qxd3 Bxf2 25. Nxe5 Qxe5 26. Rxf2 Re8 27. Qc4 Re7 28. Re2 Kh7 29. a4 Qf4 30. Qd3 Kh6 31. Qd8 Qf1+ 32. Kh2 Qf4+ 33.
Kh3 Qf1+ 34. Kh2 Qf4+ 35. Kh3 1/2-1/2

[Event "Late-Titled-Tuesday-Blitz-February-06-2024"]
[Site "Chess.com"]
[Date "2024.02.06"]
[Round "2"]
[White "Mikasinski"]
[Black "Alex_Sahakyan2006"]
[Result "1-0"]
[WhiteElo "2604"]
[BlackElo "2887"]
[TimeControl "180+1"]
[EndTime "14:17:54 PST"]
[Termination "Mikasinski won on time"]

1. e4 e5 2. Nf3 Nc6 3. Nc3 Nf6 4. Bb5 Bb4 5. O-O O-O 6. d3 Re8 7. Bg5 Bxc3 8. bxc3 h6 9. Bh4 d6 10. Re1 g5 11.
Nxg5 hxg5 12. Bxg5 Re6 13. Qf3 Kg7 14. Qg3 Ne7 15.
Bc4 Ng6 16. Bxe6 Bxe6 17. h4 Qh8 18. Bxf6+ Kxf6 19. Qg5+ Kg7 20. h5 Rg8 21. hxg6 f6 22. Qg3 Qh5 23. f4 exf4 24. Qxf4 Qc5+ 25. Qf2 Qxc3 26.
Rf1 Kxg6 27. d4 Rf8 28. Rae1 Bc4 29. Re3 Qa5 30. Rg3+ Kh7 31. Qf5+ Qxf5 32. Rxf5 Kh6 33. d5 Be2 34. Kf2 Bh5 35. Rh3 Kg6 36. Rfxh5 Re8 37. Kf3 a5 38. Rh7 a4 39. Rxc7 a3 40. Rxb7 f5 41.
exf5+ Kf6 42. Rh6+ Kg5 43. Rg6+ Kxf5 44. Re6 Rh8 45.
g4+ Kg5 46. Rg7+ Kh4 47. Rf7 Kh3 48. Rff6 1-0